[ PARTIDA AOE2 · #481899029 ]
UnrankedBohemios vs Tupi
[ ANÁLISIS DE REPETICIÓN · EXTRAÍDO DE LA PARTIDA GRABADA ]
Feudal
9:51
Castillos
19:04
Imperial
23:13
| APM promedio | 52.7 |
| APM pico | 107 |
| eAPM promedio | 33.3 |
| Aldeanos / militares | 134 / 151 |
Foco
⚔️ 50.9% · 🌾 49.1%
Hussite Wagon ×57 · Hand Cannoneer ×51 · Bombard Cannon ×39 · Fishing Ship ×20 · Trade Cart ×18 · Monk ×2
Feudal
11:46
Castillos
18:37
Imperial
41:58
| APM promedio | 48.6 |
| APM pico | 90 |
| eAPM promedio | 26.1 |
| Aldeanos / militares | 121 / 0 |
Foco
⚔️ 56.3% · 🌾 43.7%
Unknown (2579) ×98
Feudal
11:32
Castillos
15:02
Imperial
28:46
| APM promedio | 46.9 |
| APM pico | 103 |
| eAPM promedio | 24.9 |
| Aldeanos / militares | 150 / 267 |
Foco
⚔️ 38.4% · 🌾 61.6%
Steppe Lancer ×226 · Trade Cart ×51 · Camel Scout ×21 · Fishing Ship ×11 · Trebuchet (Packed) ×9 · Iron Pagoda ×6
Feudal
9:52
Castillos
20:38
Imperial
—
| APM promedio | 59.9 |
| APM pico | 122 |
| eAPM promedio | 34.9 |
| Aldeanos / militares | 233 / 55 |
Foco
⚔️ 36.6% · 🌾 63.4%
Spearman ×32 · Trade Cart ×23 · Archer ×12 · Militia ×5 · Elephant Archer ×5 · Mangonel ×1
Feudal
11:15
Castillos
14:45
Imperial
30:14
| APM promedio | 47.9 |
| APM pico | 84 |
| eAPM promedio | 33.4 |
| Aldeanos / militares | 147 / 598 |
Foco
⚔️ 49.8% · 🌾 50.2%
Skirmisher ×506 · Archer ×67 · Bombard Cannon ×16 · Trade Cart ×13 · Monk ×3 · Mangonel ×3
Feudal
10:39
Castillos
21:44
Imperial
35:17
| APM promedio | 45.0 |
| APM pico | 107 |
| eAPM promedio | 25.4 |
| Aldeanos / militares | 105 / 249 |
Foco
⚔️ 46.1% · 🌾 53.9%
Bolas Rider ×110 · Skirmisher ×89 · Kona ×47 · Fishing Ship ×15 · Trade Cart ×11 · Trebuchet (Packed) ×3
Feudal
8:50
Castillos
21:10
Imperial
25:40
| APM promedio | 36.8 |
| APM pico | 81 |
| eAPM promedio | 20.3 |
| Aldeanos / militares | 156 / 82 |
Foco
⚔️ 36.0% · 🌾 64.0%
Monk ×78 · Trade Cart ×12 · Fishing Ship ×10 · Archer ×4
Feudal
11:38
Castillos
15:09
Imperial
28:13
| APM promedio | 45.4 |
| APM pico | 86 |
| eAPM promedio | 28.1 |
| Aldeanos / militares | 175 / 203 |
Foco
⚔️ 38.2% · 🌾 61.8%
Archer ×195 · Trade Cart ×32 · Unknown (1942) ×29 · Fishing Ship ×17 · Mangonel ×5 · Monk ×3
Mapa de la partida
Recursos iniciales + cada clic de construcción. Líneas = muros · curvas = relieve. ◆ oro · ⬟ piedra · ● bayas · ✦ reliquia · ◌ hueco del cierre
Tu base· ✓ Cerrada en 19:04 · 5t muro · sin puerta
Base de DemonSheep· ✓ Cerrada en 18:37 · 32t muro · sin puerta
Base de 04py· ✓ Cerrada en 15:02 · 0t muro · sin puerta
Base de Oni.TaToH· ✓ Cerrada en 20:38 · 7t muro · 1 puerta(s)
Base de Dragon· ✓ Cerrada en 14:45 · 0t muro · frágil
Base de c3mbrich!· ✓ Cerrada en 21:44 · 78t muro · sin puerta
Base de GKT_Cloud· ✓ Cerrada en 21:10 · 7t muro · 1 puerta(s)
Base de [R1] 12Tirador· ✓ Cerrada en 15:09 · 1t muro · sin puerta
Terreno inicial suavizado · ◌ = hueco del cierre detectado · pasá el cursor para detalles
Inputs por minuto
— [R1] PoXoLo - - DemonSheep
Build order — [R1] PoXoLo
Primeras 150 de 481 acciones detectadas
| 0:01 | Encolar | Villager (Male) |
| 0:02 | Construir | House |
| 0:03 | Construir | House |
| 0:04 | Encolar | Villager (Male) |
| 0:04 | Encolar | Villager (Male) |
| 0:12 | Encolar | Villager (Male) |
| 1:22 | Encolar | Villager (Male) |
| 1:23 | Encolar | Villager (Male) |
| 2:01 | Encolar | Villager (Male) |
| 2:03 | Construir | Lumber Camp |
| 2:22 | Encolar | Villager (Male) |
| 2:33 | Encolar | Villager (Male) |
| 2:33 | Encolar | Villager (Male) |
| 2:54 | Encolar | Villager (Male) |
| 3:26 | Encolar | Villager (Male) |
| 3:49 | Construir | House |
| 4:07 | Encolar | Villager (Male) |
| 4:07 | Encolar | Villager (Male) |
| 4:36 | Encolar | Villager (Male) |
| 4:42 | Construir | Dock |
| 4:55 | Encolar | Villager (Male) |
| 5:06 | Construir | House |
| 5:26 | Encolar | Fishing Ship |
| 5:33 | Encolar | Villager (Male) |
| 5:36 | Encolar | Villager (Male) |
| 5:54 | Encolar | Villager (Male) |
| 5:55 | Encolar | Fishing Ship |
| 6:33 | Encolar | Villager (Male) |
| 6:48 | Encolar | Fishing Ship |
| 7:06 | Investigar | Loom |
| 7:41 | Investigar | Feudal Age |
| 7:41 | Investigar | Feudal Age |
| 7:57 | Construir | Lumber Camp |
| 8:11 | Encolar | Villager (Male) |
| 8:16 | Encolar | Fishing Ship |
| 8:45 | Construir | House |
| 9:01 | Encolar | Fishing Ship |
| 9:06 | Encolar | Villager (Male) |
| 9:06 | Construir | House |
| 9:38 | Construir | Dock |
| 9:51 | Edad | Edad Feudal |
| 9:53 | Investigar | Double-Bit Axe |
| 9:54 | Investigar | Tech 906 |
| 10:22 | Encolar | Villager (Male) |
| 10:24 | Encolar | Fishing Ship |
| 10:29 | Encolar | Fishing Ship |
| 11:03 | Encolar | Villager (Male) |
| 11:11 | Construir | Fish Trap |
| 11:13 | Construir | Fish Trap |
| 11:35 | Construir | Fish Trap |
| 11:41 | Encolar | Villager (Male) |
| 11:44 | Construir | House |
| 11:45 | Encolar | Fishing Ship |
| 11:45 | Encolar | Fishing Ship |
| 11:51 | Construir | Fish Trap |
| 11:55 | Encolar | Villager (Male) |
| 11:58 | Encolar | Villager (Male) |
| 12:07 | Encolar | Fishing Ship |
| 12:19 | Construir | Fish Trap |
| 12:21 | Encolar | Villager (Male) |
| 12:33 | Construir | Mill |
| 12:35 | Encolar | Villager (Male) |
| 12:52 | Encolar | Fishing Ship |
| 12:55 | Encolar | Villager (Male) |
| 12:58 | Construir | Mining Camp |
| 13:08 | Construir | Fish Trap |
| 13:11 | Encolar | Villager (Male) |
| 13:25 | Construir | Fish Trap |
| 13:27 | Encolar | Villager (Male) |
| 13:34 | Encolar | Fishing Ship |
| 13:37 | Encolar | Villager (Male) |
| 13:45 | Construir | Fish Trap |
| 13:59 | Construir | Fish Trap |
| 14:15 | Construir | Fish Trap |
| 14:16 | Encolar | Villager (Male) |
| 14:24 | Construir | Fish Trap |
| 14:28 | Construir | Blacksmith |
| 14:33 | Encolar | Villager (Male) |
| 14:44 | Construir | Fish Trap |
| 15:12 | Construir | Market |
| 15:13 | Encolar | Villager (Male) |
| 15:18 | Encolar | Fishing Ship |
| 15:18 | Encolar | Fishing Ship |
| 15:23 | Encolar | Fishing Ship |
| 15:45 | Encolar | Villager (Male) |
| 15:47 | Construir | House |
| 15:48 | Construir | House |
| 15:53 | Construir | House |
| 15:56 | Encolar | Fishing Ship |
| 15:57 | Encolar | Fishing Ship |
| 16:03 | Construir | Fish Trap |
| 16:14 | Construir | Fish Trap |
| 16:24 | Investigar | Castle Age |
| 16:24 | Investigar | Castle Age |
| 16:29 | Encolar | Villager (Male) |
| 16:34 | Construir | Mining Camp |
| 16:34 | Encolar | Villager (Male) |
| 16:41 | Encolar | Fishing Ship |
| 16:48 | Construir | Fish Trap |
| 16:58 | Construir | Fish Trap |
| 17:28 | Construir | Fish Trap |
| 17:29 | Encolar | Fishing Ship |
| 17:29 | Encolar | Fishing Ship |
| 18:14 | Construir | Gate |
| 18:16 | Construir | Stone Wall |
| 18:22 | Construir | Stone Wall |
| 18:29 | Encolar | Villager (Male) |
| 18:36 | Construir | Fish Trap |
| 18:40 | Construir | Fish Trap |
| 19:04 | Edad | Edad de los Castillos |
| 19:05 | Construir | Siege Workshop |
| 19:07 | Encolar | Villager (Male) |
| 19:14 | Construir | Monastery |
| 19:19 | Construir | University |
| 19:25 | Construir | University |
| 19:31 | Construir | Lumber Camp |
| 19:33 | Construir | Lumber Camp |
| 19:35 | Investigar | Bow Saw |
| 19:37 | Investigar | Gillnets |
| 19:37 | Investigar | Gillnets |
| 19:49 | Encolar | Mangonel |
| 19:50 | Encolar | Villager (Male) |
| 19:52 | Construir | House |
| 20:03 | Investigar | Imperial Age |
| 20:03 | Investigar | Imperial Age |
| 20:16 | Construir | House |
| 20:17 | Construir | House |
| 20:17 | Construir | House |
| 20:34 | Construir | Barracks |
| 20:39 | Encolar | Villager (Male) |
| 20:52 | Investigar | Chemistry |
| 20:52 | Investigar | Chemistry |
| 21:02 | Construir | Lumber Camp |
| 21:23 | Construir | Archery Range |
| 21:26 | Construir | Archery Range |
| 21:28 | Encolar | Villager (Male) |
| 21:54 | Construir | Siege Workshop |
| 21:59 | Construir | Siege Workshop |
| 22:02 | Encolar | Villager (Male) |
| 22:12 | Construir | Monastery |
| 22:37 | Construir | Archery Range |
| 23:02 | Encolar | Monk |
| 23:13 | Edad | Edad Imperial |
| 23:16 | Investigar | Fervor |
| 23:17 | Encolar | Bombard Cannon |
| 23:17 | Encolar | Bombard Cannon |
| 23:21 | Encolar | Bombard Cannon |
| 23:23 | Investigar | Two-Man Saw |
| 23:24 | Encolar | Villager (Male) |
| 23:30 | Encolar | Hand Cannoneer |
Build order — DemonSheep
Primeras 150 de 301 acciones detectadas
| 0:01 | Encolar | Villager (Male) |
| 0:03 | Construir | House |
| 0:04 | Construir | House |
| 0:16 | Investigar | Loom |
| 0:28 | Encolar | Villager (Male) |
| 0:29 | Encolar | Villager (Male) |
| 0:30 | Encolar | Villager (Male) |
| 0:30 | Encolar | Villager (Male) |
| 0:54 | Construir | Palisade Wall |
| 1:03 | Construir | Palisade Wall |
| 1:05 | Construir | Palisade Wall |
| 1:07 | Construir | Palisade Wall |
| 1:30 | Encolar | Villager (Male) |
| 1:56 | Construir | Palisade Wall |
| 2:01 | Encolar | Villager (Male) |
| 2:01 | Encolar | Villager (Male) |
| 2:30 | Encolar | Villager (Male) |
| 2:30 | Encolar | Villager (Male) |
| 2:55 | Construir | Settlement |
| 3:06 | Encolar | Villager (Male) |
| 3:07 | Encolar | Villager (Male) |
| 3:36 | Encolar | Villager (Male) |
| 3:36 | Encolar | Villager (Male) |
| 3:59 | Construir | Palisade Wall |
| 4:11 | Encolar | Villager (Male) |
| 4:11 | Encolar | Villager (Male) |
| 4:11 | Encolar | Villager (Male) |
| 4:32 | Encolar | Villager (Male) |
| 5:10 | Encolar | Villager (Male) |
| 5:20 | Encolar | Villager (Male) |
| 5:33 | Encolar | Villager (Male) |
| 6:09 | Construir | Settlement |
| 6:26 | Encolar | Villager (Male) |
| 6:26 | Encolar | Villager (Male) |
| 6:48 | Encolar | Villager (Male) |
| 7:14 | Encolar | Villager (Male) |
| 7:35 | Encolar | Villager (Male) |
| 8:28 | Construir | Settlement |
| 8:37 | Encolar | Villager (Male) |
| 8:58 | Encolar | Villager (Male) |
| 9:16 | Investigar | Feudal Age |
| 10:16 | Construir | House |
| 10:21 | Construir | House |
| 10:29 | Construir | Palisade Wall |
| 10:59 | Construir | House |
| 11:04 | Construir | House |
| 11:07 | Construir | House |
| 11:11 | Construir | House |
| 11:16 | Construir | House |
| 11:30 | Construir | House |
| 11:33 | Construir | House |
| 11:35 | Encolar | Villager (Male) |
| 11:35 | Encolar | Villager (Male) |
| 11:46 | Edad | Edad Feudal |
| 11:58 | Encolar | Villager (Male) |
| 12:02 | Construir | Stone Wall |
| 12:09 | Encolar | Villager (Male) |
| 12:36 | Construir | Watch Tower |
| 12:42 | Encolar | Villager (Male) |
| 12:51 | Construir | Stone Wall |
| 12:52 | Encolar | Villager (Male) |
| 13:22 | Construir | Stone Wall |
| 13:31 | Encolar | Villager (Male) |
| 14:19 | Construir | Market |
| 14:36 | Encolar | Villager (Male) |
| 14:51 | Construir | Stone Wall |
| 14:58 | Encolar | Villager (Male) |
| 15:12 | Construir | Blacksmith |
| 15:13 | Encolar | Villager (Male) |
| 15:44 | Construir | Stone Wall |
| 15:46 | Construir | Stone Wall |
| 15:52 | Investigar | Castle Age |
| 15:52 | Investigar | Castle Age |
| 16:19 | Construir | Settlement |
| 16:58 | Investigar | Horse Collar |
| 17:24 | Construir | Farm |
| 17:25 | Construir | Farm |
| 17:39 | Construir | Stone Wall |
| 17:42 | Construir | Stone Wall |
| 18:37 | Edad | Edad de los Castillos |
| 18:42 | Construir | Castle |
| 19:00 | Construir | Gate |
| 19:01 | Construir | Stone Wall |
| 19:16 | Investigar | Fletching |
| 19:34 | Encolar | Unit 2579 |
| 19:34 | Encolar | Unit 2579 |
| 19:35 | Encolar | Unit 2579 |
| 19:44 | Construir | Farm |
| 19:47 | Construir | Farm |
| 19:49 | Encolar | Villager (Male) |
| 19:56 | Construir | Settlement |
| 20:25 | Encolar | Villager (Male) |
| 21:13 | Encolar | Villager (Male) |
| 21:40 | Encolar | Villager (Male) |
| 22:26 | Encolar | Villager (Male) |
| 22:40 | Encolar | Unit 2579 |
| 22:40 | Encolar | Unit 2579 |
| 22:55 | Construir | Stone Wall |
| 22:59 | Construir | Stone Wall |
| 23:02 | Encolar | Villager (Male) |
| 23:32 | Encolar | Unit 2579 |
| 23:33 | Encolar | Unit 2579 |
| 23:47 | Construir | Farm |
| 23:53 | Encolar | Villager (Male) |
| 24:17 | Encolar | Villager (Male) |
| 24:19 | Encolar | Unit 2579 |
| 25:09 | Encolar | Unit 2579 |
| 25:15 | Construir | Market |
| 25:33 | Encolar | Unit 2579 |
| 26:10 | Construir | Market |
| 26:16 | Encolar | Unit 2579 |
| 26:49 | Investigar | Bodkin Arrow |
| 26:54 | Encolar | Unit 2579 |
| 26:55 | Encolar | Unit 2579 |
| 27:12 | Encolar | Unit 2579 |
| 27:13 | Encolar | Unit 2579 |
| 27:18 | Investigar | Padded Archer Armor |
| 27:20 | Encolar | Villager (Male) |
| 27:50 | Encolar | Unit 2579 ×3 |
| 27:52 | Encolar | Villager (Male) |
| 27:53 | Construir | Farm |
| 27:55 | Construir | Farm |
| 28:31 | Encolar | Villager (Male) |
| 28:34 | Construir | Town Center |
| 28:53 | Construir | Farm |
| 28:53 | Construir | Farm |
| 28:53 | Construir | Farm |
| 28:53 | Construir | Farm |
| 28:54 | Construir | Farm |
| 28:55 | Construir | Farm |
| 29:01 | Encolar | Unit 2579 |
| 29:55 | Encolar | Villager (Male) |
| 30:04 | Encolar | Unit 2579 |
| 30:18 | Encolar | Villager (Male) |
| 30:18 | Encolar | Villager (Male) |
| 30:19 | Encolar | Villager (Male) |
| 30:19 | Encolar | Villager (Male) |
| 30:21 | Construir | Farm |
| 30:22 | Construir | Farm |
| 30:22 | Construir | Farm |
| 30:22 | Construir | Farm |
| 30:22 | Construir | Farm |
| 30:49 | Encolar | Unit 2579 ×2 |
| 30:49 | Encolar | Unit 2579 ×2 |
| 31:02 | Encolar | Unit 2579 |
| 31:06 | Encolar | Unit 2579 |
| 31:27 | Encolar | Villager (Male) |
| 31:31 | Investigar | Wheelbarrow |
| 31:33 | Encolar | Villager (Male) |
| 31:33 | Encolar | Villager (Male) |
Build order — 04py
Primeras 150 de 422 acciones detectadas
| 0:01 | Encolar | Villager (Male) |
| 0:01 | Encolar | Villager (Male) |
| 0:03 | Construir | House |
| 0:04 | Construir | House |
| 0:13 | Encolar | Villager (Male) |
| 0:13 | Encolar | Villager (Male) |
| 1:32 | Encolar | Villager (Male) |
| 1:32 | Encolar | Villager (Male) |
| 1:34 | Construir | Lumber Camp |
| 1:53 | Encolar | Villager (Male) |
| 2:30 | Encolar | Villager (Male) |
| 2:30 | Encolar | Villager (Male) |
| 2:53 | Encolar | Villager (Male) |
| 3:21 | Encolar | Villager (Male) |
| 3:38 | Construir | House |
| 3:47 | Encolar | Villager (Male) |
| 4:00 | Construir | Dock |
| 4:15 | Encolar | Villager (Male) |
| 4:37 | Encolar | Fishing Ship |
| 4:47 | Encolar | Villager (Male) |
| 4:52 | Construir | House |
| 5:08 | Encolar | Villager (Male) |
| 5:18 | Encolar | Villager (Male) |
| 5:23 | Construir | House |
| 5:48 | Encolar | Fishing Ship |
| 5:59 | Encolar | Villager (Male) |
| 6:00 | Encolar | Villager (Male) |
| 6:00 | Encolar | Villager (Male) |
| 6:04 | Construir | House |
| 6:24 | Encolar | Villager (Male) |
| 6:44 | Encolar | Fishing Ship |
| 6:45 | Encolar | Fishing Ship |
| 7:05 | Encolar | Villager (Male) |
| 7:27 | Encolar | Fishing Ship |
| 8:05 | Encolar | Villager (Male) |
| 8:13 | Construir | Mill |
| 8:29 | Encolar | Villager (Male) |
| 8:54 | Encolar | Villager (Male) |
| 9:09 | Construir | Mining Camp |
| 9:15 | Investigar | Feudal Age |
| 11:24 | Encolar | Villager (Male) |
| 11:24 | Encolar | Villager (Male) |
| 11:32 | Edad | Edad Feudal |
| 11:33 | Construir | Market |
| 11:34 | Construir | Blacksmith |
| 11:45 | Construir | House |
| 12:21 | Investigar | Castle Age |
| 12:21 | Investigar | Castle Age |
| 12:25 | Investigar | Double-Bit Axe |
| 12:25 | Investigar | Double-Bit Axe |
| 13:04 | Investigar | Tech 906 |
| 13:07 | Encolar | Fishing Ship |
| 13:07 | Encolar | Fishing Ship |
| 13:59 | Construir | Fish Trap |
| 14:02 | Encolar | Fishing Ship |
| 14:02 | Encolar | Demolition Raft |
| 14:07 | Construir | Fish Trap |
| 14:33 | Encolar | Villager (Male) |
| 14:38 | Construir | House |
| 15:02 | Edad | Edad de los Castillos |
| 15:04 | Construir | Town Center |
| 15:08 | Investigar | Bow Saw |
| 15:09 | Investigar | Bow Saw |
| 15:17 | Encolar | Villager (Male) |
| 15:53 | Construir | Town Center |
| 15:54 | Encolar | Villager (Male) |
| 16:11 | Encolar | Villager (Male) |
| 16:24 | Construir | House |
| 16:25 | Encolar | Villager (Male) |
| 16:31 | Encolar | Villager (Male) |
| 16:40 | Encolar | Villager (Male) |
| 16:45 | Encolar | Villager (Male) |
| 16:47 | Encolar | Villager (Male) |
| 16:48 | Encolar | Villager (Male) |
| 16:53 | Investigar | Tech 1014 |
| 16:53 | Investigar | Tech 1014 |
| 16:58 | Construir | Fish Trap |
| 17:05 | Construir | Fish Trap |
| 17:14 | Encolar | Villager (Male) |
| 17:25 | Construir | Town Center |
| 17:29 | Encolar | Villager (Male) |
| 17:38 | Encolar | Villager (Male) |
| 17:42 | Construir | Fish Trap |
| 17:45 | Encolar | Villager (Male) |
| 17:47 | Encolar | Villager (Male) |
| 17:53 | Construir | House |
| 17:57 | Construir | House |
| 18:01 | Encolar | Villager (Male) |
| 18:02 | Encolar | Fishing Ship |
| 18:12 | Encolar | Villager (Male) |
| 18:21 | Encolar | Villager (Male) |
| 18:23 | Construir | Pasture |
| 18:24 | Encolar | Villager (Male) |
| 18:27 | Encolar | Villager (Male) |
| 18:30 | Construir | Pasture |
| 18:34 | Construir | House |
| 18:39 | Investigar | Wheelbarrow |
| 18:39 | Investigar | Wheelbarrow |
| 18:46 | Construir | Fish Trap |
| 18:51 | Encolar | Villager (Male) |
| 18:53 | Encolar | Villager (Male) |
| 18:55 | Construir | House |
| 18:57 | Encolar | Villager (Male) |
| 19:00 | Construir | Pasture |
| 19:03 | Encolar | Villager (Male) |
| 19:14 | Encolar | Fishing Ship |
| 19:14 | Encolar | Fishing Ship |
| 19:21 | Encolar | Villager (Male) |
| 19:26 | Construir | House |
| 19:28 | Encolar | Villager (Male) |
| 19:37 | Construir | Pasture |
| 19:39 | Construir | Pasture |
| 19:42 | Encolar | Villager (Male) |
| 19:42 | Encolar | Villager (Male) |
| 19:47 | Encolar | Villager (Male) |
| 19:52 | Construir | Pasture |
| 20:01 | Encolar | Villager (Male) |
| 20:01 | Encolar | Villager (Male) |
| 20:06 | Construir | Pasture |
| 20:10 | Construir | Pasture |
| 20:10 | Encolar | Villager (Male) |
| 20:20 | Encolar | Villager (Male) |
| 20:25 | Construir | Pasture |
| 20:26 | Encolar | Villager (Male) |
| 20:26 | Encolar | Villager (Male) |
| 20:30 | Construir | Pasture |
| 20:30 | Encolar | Villager (Male) |
| 20:45 | Construir | Fish Trap |
| 20:48 | Construir | Fish Trap |
| 20:49 | Encolar | Villager (Male) |
| 20:49 | Encolar | Villager (Male) |
| 20:52 | Construir | House |
| 20:53 | Construir | House |
| 20:54 | Encolar | Villager (Male) |
| 20:55 | Encolar | Villager (Male) |
| 20:55 | Encolar | Villager (Male) |
| 20:55 | Encolar | Villager (Male) |
| 20:59 | Construir | Pasture |
| 21:04 | Construir | Pasture |
| 21:05 | Encolar | Villager (Male) |
| 21:08 | Encolar | Villager (Male) |
| 21:09 | Encolar | Villager (Male) |
| 21:13 | Encolar | Villager (Male) |
| 21:17 | Encolar | Villager (Male) |
| 21:22 | Encolar | Villager (Male) |
| 21:25 | Construir | Pasture |
| 21:28 | Construir | Pasture |
| 21:35 | Encolar | Villager (Male) |
| 21:39 | Encolar | Villager (Male) |
| 21:41 | Encolar | Villager (Male) |
Build order — Oni.TaToH
Primeras 150 de 519 acciones detectadas
| 0:01 | Encolar | Villager (Male) ×4 |
| 0:01 | Encolar | Villager (Male) ×4 |
| 0:02 | Construir | House |
| 0:03 | Construir | House |
| 0:41 | Investigar | Loom |
| 0:42 | Investigar | Loom |
| 0:44 | Encolar | Villager (Male) |
| 0:44 | Encolar | Villager (Male) |
| 0:45 | Encolar | Villager (Male) |
| 1:06 | Construir | Palisade Wall |
| 1:07 | Construir | Palisade Wall |
| 1:13 | Construir | Palisade Wall |
| 1:15 | Construir | Palisade Wall |
| 1:44 | Encolar | Villager (Male) |
| 2:15 | Construir | Palisade Wall |
| 2:22 | Encolar | Villager (Male) |
| 2:40 | Construir | Lumber Camp |
| 2:55 | Encolar | Villager (Male) |
| 2:55 | Encolar | Villager (Male) |
| 3:23 | Encolar | Villager (Male) |
| 3:23 | Encolar | Villager (Male) |
| 3:46 | Encolar | Villager (Male) |
| 3:46 | Encolar | Villager (Male) |
| 4:09 | Encolar | Villager (Male) |
| 4:09 | Encolar | Villager (Male) |
| 4:32 | Construir | House |
| 4:36 | Encolar | Villager (Male) |
| 4:36 | Encolar | Villager (Male) |
| 4:51 | Encolar | Villager (Male) |
| 4:52 | Encolar | Villager (Male) |
| 5:09 | Encolar | Villager (Male) |
| 5:09 | Encolar | Villager (Male) |
| 5:36 | Encolar | Villager (Male) |
| 5:37 | Encolar | Villager (Male) |
| 5:56 | Construir | House |
| 6:07 | Encolar | Villager (Male) |
| 6:08 | Encolar | Villager (Male) |
| 6:33 | Construir | Barracks |
| 6:49 | Encolar | Villager (Male) |
| 7:13 | Encolar | Villager (Male) |
| 7:42 | Investigar | Feudal Age |
| 7:42 | Investigar | Feudal Age |
| 7:52 | Construir | Mining Camp |
| 8:07 | Encolar | Militia |
| 8:08 | Encolar | Militia |
| 8:08 | Encolar | Militia |
| 8:18 | Construir | House |
| 8:37 | Encolar | Militia |
| 8:59 | Encolar | Militia |
| 9:26 | Construir | Mill |
| 9:48 | Encolar | Villager (Male) |
| 9:52 | Edad | Edad Feudal |
| 9:54 | Construir | Watch Tower |
| 9:56 | Investigar | Arson |
| 10:07 | Construir | Archery Range |
| 10:12 | Investigar | Man-at-Arms (upgrade) |
| 10:13 | Investigar | Man-at-Arms (upgrade) |
| 10:20 | Encolar | Villager (Male) |
| 10:21 | Encolar | Villager (Male) |
| 10:23 | Construir | Lumber Camp |
| 10:49 | Encolar | Villager (Male) |
| 10:57 | Encolar | Archer |
| 11:03 | Encolar | Villager (Male) |
| 11:28 | Encolar | Villager (Male) |
| 11:38 | Construir | House |
| 11:40 | Investigar | Town Watch |
| 11:57 | Encolar | Archer |
| 12:01 | Encolar | Villager (Male) |
| 12:03 | Construir | House |
| 12:12 | Encolar | Villager (Male) |
| 12:31 | Encolar | Villager (Male) |
| 12:33 | Construir | Blacksmith |
| 12:35 | Encolar | Archer |
| 12:50 | Encolar | Villager (Male) |
| 13:16 | Construir | Gate |
| 13:18 | Construir | Stone Wall |
| 13:26 | Investigar | Fletching |
| 13:27 | Encolar | Villager (Male) |
| 13:29 | Construir | Farm |
| 13:39 | Encolar | Archer |
| 13:48 | Construir | Stone Wall |
| 13:49 | Construir | Stone Wall |
| 13:50 | Encolar | Villager (Male) |
| 14:04 | Encolar | Villager (Male) |
| 14:06 | Construir | Farm |
| 14:07 | Construir | Farm |
| 14:17 | Encolar | Villager (Male) |
| 14:19 | Construir | Farm |
| 14:31 | Encolar | Villager (Male) |
| 14:34 | Construir | Farm |
| 14:35 | Construir | Farm |
| 14:37 | Encolar | Villager (Male) |
| 14:39 | Construir | House |
| 14:45 | Encolar | Archer |
| 15:21 | Encolar | Villager (Male) |
| 15:25 | Construir | Farm |
| 15:34 | Encolar | Villager (Male) |
| 15:43 | Construir | Market |
| 15:46 | Construir | House |
| 15:56 | Encolar | Villager (Male) |
| 16:05 | Encolar | Archer |
| 16:10 | Construir | Farm |
| 16:15 | Encolar | Villager (Male) |
| 16:31 | Encolar | Villager (Male) |
| 16:35 | Encolar | Archer |
| 16:45 | Construir | Farm |
| 16:46 | Construir | Farm |
| 17:03 | Construir | House |
| 17:04 | Construir | House |
| 17:05 | Construir | House |
| 17:58 | Investigar | Castle Age |
| 17:58 | Investigar | Castle Age |
| 18:00 | Encolar | Archer |
| 18:08 | Encolar | Archer |
| 18:24 | Investigar | Double-Bit Axe |
| 18:24 | Investigar | Double-Bit Axe |
| 18:25 | Investigar | Horse Collar |
| 18:25 | Investigar | Horse Collar |
| 18:41 | Encolar | Archer |
| 18:47 | Investigar | Gold Mining |
| 19:23 | Encolar | Archer |
| 19:40 | Encolar | Villager (Male) |
| 19:46 | Construir | Mining Camp |
| 19:48 | Encolar | Archer |
| 20:22 | Encolar | Villager (Male) |
| 20:38 | Edad | Edad de los Castillos |
| 20:41 | Investigar | Crossbowman (upgrade) |
| 20:42 | Investigar | Bow Saw |
| 20:42 | Encolar | Villager (Male) |
| 20:49 | Construir | Farm |
| 20:51 | Construir | Farm |
| 20:53 | Construir | Farm |
| 20:54 | Construir | Farm |
| 21:14 | Construir | Farm |
| 21:20 | Investigar | Bodkin Arrow |
| 21:41 | Encolar | Villager (Male) |
| 21:42 | Construir | Farm |
| 21:46 | Encolar | Villager (Male) |
| 21:54 | Encolar | Villager (Male) |
| 21:57 | Construir | Town Center |
| 22:11 | Construir | Farm |
| 22:32 | Construir | Farm |
| 22:48 | Encolar | Villager (Male) |
| 22:56 | Construir | Town Center |
| 23:16 | Encolar | Villager (Male) |
| 23:25 | Encolar | Villager (Male) |
| 23:26 | Construir | Farm |
| 23:27 | Construir | Farm |
| 23:35 | Encolar | Villager (Male) |
| 23:49 | Encolar | Villager (Male) |
Build order — Dragon
Primeras 150 de 811 acciones detectadas
| 0:00 | Encolar | Villager (Male) |
| 0:00 | Encolar | Villager (Male) |
| 0:01 | Encolar | Villager (Male) |
| 0:03 | Construir | House |
| 0:04 | Construir | House |
| 0:19 | Encolar | Villager (Male) |
| 0:19 | Encolar | Villager (Male) |
| 1:28 | Encolar | Villager (Male) |
| 1:49 | Encolar | Villager (Male) |
| 2:05 | Construir | Lumber Camp |
| 2:23 | Encolar | Villager (Male) |
| 2:54 | Encolar | Villager (Male) |
| 3:01 | Encolar | Villager (Male) |
| 3:02 | Encolar | Villager (Male) |
| 3:35 | Construir | House |
| 3:36 | Encolar | Villager (Male) |
| 4:05 | Encolar | Villager (Male) |
| 4:24 | Construir | Mill |
| 4:35 | Encolar | Villager (Male) |
| 4:54 | Encolar | Villager (Male) |
| 5:20 | Encolar | Villager (Male) |
| 5:23 | Encolar | Villager (Male) |
| 5:56 | Encolar | Villager (Male) |
| 6:21 | Encolar | Villager (Male) |
| 6:23 | Encolar | Villager (Male) |
| 6:23 | Encolar | Villager (Male) |
| 6:23 | Encolar | Villager (Male) |
| 6:38 | Encolar | Villager (Male) |
| 6:42 | Construir | House |
| 6:58 | Construir | House |
| 7:21 | Construir | House |
| 7:44 | Construir | Farm |
| 7:50 | Construir | Farm |
| 8:26 | Construir | Mining Camp |
| 8:41 | Investigar | Feudal Age |
| 9:07 | Construir | Farm |
| 9:11 | Construir | Farm |
| 9:37 | Encolar | Villager (Male) |
| 9:37 | Encolar | Villager (Male) |
| 11:15 | Edad | Edad Feudal |
| 11:18 | Construir | Market |
| 11:21 | Construir | Blacksmith |
| 11:29 | Investigar | Double-Bit Axe |
| 12:05 | Investigar | Castle Age |
| 12:53 | Construir | Farm |
| 13:06 | Investigar | Horse Collar |
| 13:16 | Construir | Farm |
| 13:21 | Construir | Farm |
| 13:26 | Encolar | Villager (Male) |
| 14:11 | Construir | House |
| 14:45 | Edad | Edad de los Castillos |
| 14:47 | Construir | Siege Workshop |
| 14:57 | Construir | Town Center |
| 15:00 | Encolar | Villager (Male) |
| 15:01 | Investigar | Bow Saw |
| 15:15 | Construir | Farm |
| 15:21 | Encolar | Villager (Male) |
| 15:39 | Encolar | Mangonel |
| 15:39 | Encolar | Mangonel |
| 15:43 | Encolar | Villager (Male) |
| 15:46 | Construir | House |
| 16:03 | Encolar | Villager (Male) |
| 16:05 | Construir | Farm |
| 16:09 | Encolar | Villager (Male) |
| 16:22 | Encolar | Villager (Male) |
| 16:22 | Encolar | Villager (Male) |
| 16:27 | Encolar | Mangonel |
| 16:35 | Construir | House |
| 16:46 | Encolar | Villager (Male) |
| 16:49 | Encolar | Villager (Male) |
| 17:10 | Encolar | Villager (Male) |
| 17:21 | Construir | House |
| 17:26 | Construir | Town Center |
| 17:28 | Encolar | Villager (Male) |
| 17:42 | Encolar | Villager (Male) |
| 17:47 | Encolar | Villager (Male) |
| 17:48 | Construir | Farm |
| 17:50 | Construir | Farm |
| 17:51 | Construir | Farm |
| 17:52 | Construir | Farm |
| 17:53 | Encolar | Villager (Male) |
| 17:57 | Encolar | Villager (Male) |
| 18:01 | Encolar | Villager (Male) |
| 18:03 | Construir | House |
| 18:13 | Construir | Farm |
| 18:19 | Encolar | Villager (Male) |
| 18:28 | Construir | Farm |
| 18:29 | Encolar | Villager (Male) |
| 18:42 | Construir | House |
| 18:43 | Encolar | Villager (Male) |
| 18:46 | Construir | Farm |
| 18:49 | Construir | Farm |
| 18:53 | Encolar | Villager (Male) |
| 19:09 | Encolar | Villager (Male) |
| 19:11 | Construir | Farm |
| 19:29 | Encolar | Villager (Male) |
| 19:30 | Encolar | Villager (Male) |
| 19:35 | Encolar | Villager (Male) |
| 19:35 | Encolar | Villager (Male) |
| 19:40 | Construir | Town Center |
| 19:48 | Encolar | Villager (Male) |
| 19:56 | Construir | Monastery |
| 20:07 | Encolar | Villager (Male) |
| 20:19 | Construir | Lumber Camp |
| 20:20 | Encolar | Villager (Male) |
| 20:21 | Encolar | Villager (Male) |
| 20:21 | Encolar | Villager (Male) |
| 20:25 | Encolar | Villager (Male) |
| 20:31 | Construir | Farm |
| 20:32 | Construir | Farm |
| 20:33 | Construir | Farm |
| 20:34 | Encolar | Villager (Male) |
| 20:34 | Encolar | Villager (Male) |
| 20:39 | Construir | Farm |
| 20:40 | Construir | Farm |
| 20:42 | Construir | Farm |
| 20:47 | Construir | Farm |
| 20:51 | Encolar | Monk |
| 20:52 | Encolar | Villager (Male) |
| 20:55 | Encolar | Villager (Male) |
| 20:55 | Encolar | Villager (Male) |
| 21:01 | Construir | Farm |
| 21:02 | Construir | Farm |
| 21:03 | Encolar | Villager (Male) |
| 21:10 | Encolar | Villager (Male) |
| 21:18 | Construir | Town Center |
| 21:19 | Encolar | Villager (Male) |
| 21:25 | Encolar | Villager (Male) |
| 21:29 | Construir | Farm |
| 21:35 | Construir | Farm |
| 21:38 | Construir | Farm |
| 21:38 | Encolar | Villager (Male) |
| 21:39 | Encolar | Villager (Male) |
| 21:40 | Encolar | Villager (Male) |
| 21:43 | Construir | Farm |
| 21:44 | Encolar | Villager (Male) |
| 22:04 | Encolar | Monk |
| 22:05 | Encolar | Monk |
| 22:05 | Encolar | Villager (Male) |
| 22:05 | Encolar | Villager (Male) |
| 22:06 | Encolar | Villager (Male) |
| 22:10 | Construir | Farm |
| 22:11 | Encolar | Villager (Male) |
| 22:15 | Construir | Farm |
| 22:17 | Construir | Farm |
| 22:19 | Construir | Farm |
| 22:20 | Encolar | Villager (Male) |
| 22:24 | Construir | Farm |
| 22:25 | Encolar | Villager (Male) |
| 22:25 | Encolar | Villager (Male) |
Build order — c3mbrich!
Primeras 150 de 478 acciones detectadas
| 0:01 | Encolar | Villager (Male) |
| 0:02 | Construir | House |
| 0:03 | Construir | House |
| 0:13 | Encolar | Villager (Male) |
| 0:30 | Encolar | Villager (Male) |
| 0:37 | Encolar | Villager (Male) |
| 1:24 | Construir | House |
| 1:48 | Investigar | Loom |
| 1:48 | Encolar | Villager (Male) |
| 1:57 | Construir | Palisade Wall |
| 1:58 | Construir | Palisade Wall |
| 2:19 | Encolar | Villager (Male) |
| 2:19 | Encolar | Villager (Male) |
| 2:54 | Encolar | Villager (Male) |
| 2:54 | Encolar | Villager (Male) |
| 3:18 | Encolar | Villager (Male) |
| 3:30 | Construir | Palisade Wall |
| 3:33 | Encolar | Villager (Male) |
| 3:33 | Encolar | Villager (Male) |
| 3:51 | Encolar | Villager (Male) |
| 4:27 | Construir | Settlement |
| 4:29 | Encolar | Villager (Male) |
| 4:29 | Encolar | Villager (Male) |
| 5:09 | Encolar | Villager (Male) |
| 5:09 | Encolar | Villager (Male) |
| 5:32 | Encolar | Villager (Male) |
| 6:01 | Encolar | Villager (Male) |
| 6:07 | Construir | Palisade Wall |
| 6:18 | Encolar | Villager (Male) |
| 6:44 | Encolar | Villager (Male) |
| 6:44 | Encolar | Villager (Male) |
| 6:46 | Encolar | Villager (Male) |
| 6:52 | Construir | Palisade Wall |
| 7:17 | Encolar | Villager (Male) |
| 7:39 | Construir | Settlement |
| 7:51 | Encolar | Villager (Male) |
| 8:00 | Construir | Palisade Wall |
| 8:07 | Construir | Palisade Wall |
| 8:11 | Construir | Palisade Wall |
| 8:23 | Investigar | Feudal Age |
| 9:09 | Construir | Palisade Wall |
| 9:26 | Construir | Outpost |
| 9:32 | Construir | House |
| 9:39 | Encolar | Villager (Male) |
| 9:56 | Encolar | Villager (Male) |
| 10:24 | Construir | Palisade Wall |
| 10:25 | Construir | Palisade Wall |
| 10:39 | Edad | Edad Feudal |
| 10:42 | Construir | Stone Wall |
| 10:43 | Construir | Stone Wall |
| 10:45 | Construir | Stone Wall |
| 10:48 | Construir | Stone Wall |
| 10:49 | Construir | Stone Wall |
| 11:05 | Encolar | Villager (Male) |
| 11:05 | Encolar | Villager (Male) |
| 11:17 | Encolar | Villager (Male) |
| 11:22 | Construir | Settlement |
| 11:23 | Encolar | Villager (Male) |
| 11:39 | Investigar | Double-Bit Axe |
| 11:56 | Construir | Watch Tower |
| 11:57 | Encolar | Villager (Male) |
| 11:57 | Encolar | Villager (Male) |
| 12:24 | Encolar | Villager (Male) |
| 12:30 | Construir | Dock |
| 12:33 | Construir | House |
| 12:34 | Encolar | Villager (Male) |
| 12:55 | Encolar | Villager (Male) |
| 13:00 | Encolar | Villager (Male) |
| 13:04 | Construir | Blacksmith |
| 13:13 | Encolar | Fishing Ship |
| 13:33 | Construir | House |
| 13:34 | Encolar | Villager (Male) |
| 13:47 | Encolar | Fishing Ship |
| 13:59 | Investigar | Fletching |
| 14:09 | Encolar | Fishing Ship |
| 14:24 | Encolar | Villager (Male) |
| 14:31 | Encolar | Fishing Ship |
| 14:36 | Construir | Stone Wall |
| 14:54 | Encolar | Villager (Male) |
| 15:19 | Encolar | Fishing Ship |
| 15:20 | Encolar | Fishing Ship |
| 15:32 | Encolar | Villager (Male) |
| 15:34 | Encolar | Fishing Ship |
| 15:38 | Investigar | Tech 906 |
| 15:42 | Construir | Settlement |
| 16:04 | Encolar | Fishing Ship |
| 16:07 | Construir | Fish Trap |
| 16:09 | Construir | Fish Trap |
| 16:48 | Construir | Watch Tower |
| 17:07 | Construir | Stone Wall |
| 17:08 | Construir | Stone Wall |
| 17:10 | Construir | Stone Wall |
| 17:14 | Encolar | Villager (Male) |
| 17:21 | Construir | Farm |
| 17:21 | Construir | Farm |
| 17:21 | Construir | Farm |
| 17:21 | Construir | Farm |
| 17:22 | Construir | Farm |
| 17:33 | Construir | Stone Wall |
| 17:38 | Construir | Watch Tower |
| 17:40 | Construir | Stone Wall |
| 17:51 | Construir | Stone Wall |
| 17:56 | Construir | Stone Wall |
| 18:07 | Construir | Stone Wall |
| 18:13 | Encolar | Fishing Ship |
| 18:14 | Encolar | Villager (Male) |
| 18:16 | Construir | Market |
| 18:27 | Construir | Stone Wall |
| 18:29 | Construir | Stone Wall |
| 18:38 | Encolar | Villager (Male) |
| 18:45 | Construir | Stone Wall |
| 18:59 | Investigar | Castle Age |
| 19:27 | Construir | Watch Tower |
| 19:54 | Encolar | Villager (Male) |
| 20:10 | Encolar | Fishing Ship |
| 20:14 | Construir | Fish Trap |
| 20:18 | Construir | Fish Trap |
| 20:21 | Construir | Fish Trap |
| 20:32 | Construir | Fish Trap |
| 20:43 | Encolar | Villager (Male) |
| 21:41 | Investigar | Horse Collar |
| 21:43 | Investigar | Gold Mining |
| 21:44 | Edad | Edad de los Castillos |
| 21:50 | Construir | Town Center |
| 22:01 | Construir | Town Center |
| 22:14 | Encolar | Villager (Male) |
| 22:28 | Construir | Fish Trap |
| 22:32 | Encolar | Fishing Ship |
| 22:48 | Construir | Barracks |
| 22:58 | Encolar | Villager (Male) |
| 23:08 | Encolar | Villager (Male) |
| 23:08 | Encolar | Villager (Male) |
| 23:16 | Encolar | Villager (Male) |
| 23:25 | Encolar | Villager (Male) |
| 23:31 | Investigar | Bow Saw |
| 24:08 | Encolar | Villager (Male) |
| 24:09 | Encolar | Villager (Male) |
| 24:11 | Encolar | Villager (Male) |
| 24:20 | Encolar | Villager (Male) |
| 24:22 | Encolar | Villager (Male) |
| 24:30 | Construir | Settlement |
| 24:39 | Encolar | Villager (Male) |
| 24:39 | Encolar | Villager (Male) |
| 24:39 | Encolar | Villager (Male) |
| 24:42 | Investigar | Heavy Plow |
| 24:44 | Encolar | Fishing Ship |
| 24:44 | Encolar | Fishing Ship |
| 24:51 | Construir | Fish Trap |
| 24:53 | Encolar | Villager (Male) |
| 24:59 | Encolar | Villager (Male) |
Build order — GKT_Cloud
Primeras 150 de 277 acciones detectadas
| 0:00 | Encolar | Villager (Male) |
| 0:01 | Encolar | Villager (Male) |
| 0:02 | Construir | House |
| 0:03 | Construir | House |
| 0:40 | Encolar | Villager (Male) |
| 1:05 | Encolar | Villager (Male) |
| 1:05 | Encolar | Villager (Male) |
| 1:31 | Encolar | Villager (Male) |
| 1:31 | Encolar | Villager (Male) |
| 1:42 | Encolar | Villager (Male) |
| 2:20 | Encolar | Villager (Male) |
| 2:43 | Encolar | Villager (Male) |
| 3:16 | Encolar | Villager (Male) |
| 3:30 | Encolar | Villager (Male) |
| 3:32 | Construir | Lumber Camp |
| 3:53 | Encolar | Villager (Male) |
| 3:54 | Encolar | Villager (Male) |
| 3:58 | Construir | House |
| 4:22 | Encolar | Villager (Male) |
| 4:55 | Encolar | Villager (Male) |
| 5:03 | Construir | Mining Camp |
| 5:22 | Encolar | Villager (Male) |
| 5:40 | Encolar | Villager (Male) |
| 5:56 | Investigar | Loom |
| 6:38 | Investigar | Feudal Age |
| 7:29 | Construir | Barracks |
| 7:30 | Construir | House |
| 7:51 | Encolar | Villager (Male) |
| 8:46 | Construir | House |
| 8:50 | Edad | Edad Feudal |
| 8:52 | Construir | Archery Range |
| 9:01 | Investigar | Double-Bit Axe |
| 9:04 | Encolar | Villager (Male) |
| 9:24 | Encolar | Villager (Male) |
| 9:28 | Construir | Blacksmith |
| 9:38 | Encolar | Archer |
| 9:52 | Encolar | Archer |
| 9:53 | Encolar | Villager (Male) |
| 9:59 | Investigar | Fletching |
| 9:59 | Investigar | Fletching |
| 10:09 | Encolar | Villager (Male) |
| 10:23 | Encolar | Archer |
| 10:33 | Encolar | Villager (Male) |
| 10:37 | Construir | Mill |
| 11:09 | Encolar | Archer |
| 11:10 | Encolar | Villager (Male) |
| 11:42 | Encolar | Villager (Male) |
| 11:49 | Construir | House |
| 11:52 | Investigar | Wheelbarrow |
| 12:30 | Construir | Watch Tower |
| 12:34 | Encolar | Villager (Male) |
| 12:36 | Construir | House |
| 12:50 | Construir | Dock |
| 12:54 | Construir | House |
| 12:55 | Construir | House |
| 13:22 | Encolar | Villager (Male) |
| 13:41 | Encolar | Fishing Ship |
| 13:41 | Encolar | Fishing Ship |
| 13:45 | Encolar | Villager (Male) ×4 |
| 13:50 | Construir | Stone Wall |
| 13:58 | Construir | Stone Wall |
| 14:10 | Encolar | Villager (Male) |
| 14:12 | Construir | Mining Camp |
| 14:15 | Construir | Stone Wall |
| 14:21 | Construir | Stone Wall |
| 14:24 | Construir | Stone Wall |
| 14:31 | Construir | Gate |
| 14:39 | Encolar | Villager (Male) |
| 14:58 | Construir | House |
| 15:08 | Encolar | Fishing Ship |
| 15:09 | Encolar | Fishing Ship |
| 15:13 | Encolar | Villager (Male) ×3 |
| 15:39 | Encolar | Villager (Male) |
| 15:40 | Encolar | Fishing Ship |
| 15:40 | Encolar | Fishing Ship |
| 16:01 | Construir | Market |
| 16:12 | Encolar | Fishing Ship |
| 16:15 | Construir | Farm |
| 16:34 | Construir | Lumber Camp |
| 17:07 | Construir | Farm |
| 17:09 | Construir | Farm |
| 17:30 | Construir | Farm |
| 17:40 | Encolar | Fishing Ship |
| 17:43 | Construir | Fish Trap |
| 17:53 | Construir | Fish Trap |
| 18:03 | Construir | Fish Trap |
| 18:17 | Construir | Gate |
| 18:19 | Construir | Stone Wall |
| 18:21 | Construir | Stone Wall |
| 18:30 | Investigar | Castle Age |
| 18:30 | Investigar | Castle Age |
| 18:40 | Construir | Fish Trap |
| 19:12 | Construir | Mining Camp |
| 19:14 | Investigar | Gold Mining |
| 19:37 | Encolar | Fishing Ship |
| 19:42 | Construir | Fish Trap |
| 20:09 | Construir | House |
| 20:23 | Construir | Fish Trap |
| 20:26 | Encolar | Fishing Ship |
| 20:36 | Encolar | Villager (Male) |
| 21:10 | Edad | Edad de los Castillos |
| 21:12 | Construir | Fish Trap |
| 21:13 | Encolar | Villager (Male) |
| 21:17 | Construir | Siege Workshop |
| 21:20 | Construir | Monastery |
| 22:00 | Construir | Monastery |
| 22:30 | Investigar | Imperial Age |
| 22:41 | Encolar | Monk |
| 23:14 | Encolar | Monk |
| 23:50 | Investigar | Sanctity |
| 24:02 | Construir | Lumber Camp |
| 24:08 | Investigar | Tech 906 |
| 24:33 | Construir | Castle |
| 24:47 | Construir | Mining Camp |
| 24:53 | Investigar | Redemption |
| 24:59 | Encolar | Monk |
| 25:00 | Encolar | Monk |
| 25:20 | Construir | Monastery |
| 25:40 | Edad | Edad Imperial |
| 25:51 | Investigar | Block Printing |
| 25:57 | Construir | Watch Tower |
| 26:09 | Encolar | Monk |
| 26:18 | Encolar | Villager (Male) ×5 |
| 26:23 | Construir | Fish Trap |
| 26:25 | Construir | Fish Trap |
| 26:27 | Construir | Fish Trap |
| 26:42 | Investigar | Illumination |
| 26:42 | Investigar | Illumination |
| 26:45 | Encolar | Villager (Male) ×5 |
| 26:59 | Construir | Gate |
| 27:20 | Investigar | Theocracy |
| 27:20 | Investigar | Theocracy |
| 27:21 | Encolar | Villager (Male) ×5 |
| 27:43 | Encolar | Monk |
| 27:43 | Encolar | Monk |
| 28:13 | Encolar | Villager (Male) |
| 28:23 | Construir | Town Center |
| 28:52 | Encolar | Monk ×4 |
| 28:52 | Encolar | Monk ×4 |
| 28:56 | Encolar | Villager (Male) ×5 |
| 29:04 | Construir | House |
| 29:12 | Construir | House |
| 29:13 | Construir | Stone Wall |
| 29:22 | Construir | Watch Tower |
| 29:34 | Encolar | Monk |
| 30:27 | Construir | Monastery |
| 30:31 | Encolar | Villager (Male) ×5 |
| 30:34 | Construir | Stone Wall |
| 30:36 | Encolar | Villager (Male) ×5 |
| 30:45 | Construir | Watch Tower |
Build order — [R1] 12Tirador
Primeras 150 de 553 acciones detectadas
| 0:00 | Encolar | Villager (Male) |
| 0:01 | Encolar | Villager (Male) |
| 0:01 | Encolar | Villager (Male) |
| 0:01 | Encolar | Villager (Male) |
| 0:01 | Encolar | Villager (Male) |
| 0:03 | Construir | House |
| 0:04 | Construir | House |
| 1:34 | Encolar | Villager (Male) |
| 1:48 | Encolar | Villager (Male) |
| 1:48 | Encolar | Villager (Male) |
| 1:51 | Construir | Lumber Camp |
| 2:22 | Encolar | Villager (Male) |
| 2:52 | Encolar | Villager (Male) |
| 2:53 | Encolar | Villager (Male) |
| 3:06 | Encolar | Villager (Male) |
| 3:07 | Encolar | Villager (Male) |
| 3:34 | Encolar | Villager (Male) |
| 3:34 | Encolar | Villager (Male) |
| 4:07 | Encolar | Villager (Male) |
| 4:13 | Construir | Dock |
| 4:25 | Construir | House |
| 4:33 | Encolar | Villager (Male) |
| 4:57 | Encolar | Villager (Male) |
| 5:06 | Encolar | Fishing Ship |
| 5:26 | Encolar | Villager (Male) |
| 5:26 | Encolar | Villager (Male) |
| 5:42 | Encolar | Villager (Male) |
| 5:56 | Encolar | Villager (Male) |
| 6:11 | Encolar | Villager (Male) |
| 6:12 | Encolar | Fishing Ship |
| 6:36 | Construir | House |
| 7:07 | Encolar | Fishing Ship |
| 7:17 | Encolar | Fishing Ship |
| 7:31 | Encolar | Villager (Male) |
| 7:50 | Investigar | Loom |
| 7:51 | Encolar | Villager (Male) |
| 7:56 | Encolar | Fishing Ship |
| 8:11 | Construir | House |
| 8:44 | Encolar | Villager (Male) |
| 8:53 | Construir | Palisade Wall |
| 9:06 | Construir | Mining Camp |
| 9:28 | Investigar | Feudal Age |
| 9:36 | Encolar | Villager (Male) |
| 9:36 | Encolar | Villager (Male) |
| 10:28 | Encolar | Villager (Male) |
| 10:50 | Construir | Mill |
| 11:38 | Edad | Edad Feudal |
| 11:40 | Construir | Blacksmith |
| 11:42 | Construir | Market |
| 12:03 | Construir | Lumber Camp |
| 12:15 | Investigar | Double-Bit Axe |
| 12:29 | Investigar | Castle Age |
| 12:30 | Investigar | Castle Age |
| 12:41 | Construir | Fish Trap |
| 12:46 | Construir | House |
| 12:47 | Construir | House |
| 12:58 | Construir | Fish Trap |
| 13:14 | Construir | Fish Trap |
| 13:29 | Construir | Fish Trap |
| 13:39 | Construir | Fish Trap |
| 13:42 | Encolar | Fishing Ship |
| 13:53 | Construir | Fish Trap |
| 14:28 | Construir | Fish Trap |
| 14:33 | Encolar | Fishing Ship |
| 14:36 | Investigar | Tech 906 |
| 14:37 | Encolar | Villager (Male) |
| 15:09 | Edad | Edad de los Castillos |
| 15:12 | Construir | Siege Workshop |
| 15:15 | Construir | Monastery |
| 15:21 | Construir | Fish Trap |
| 15:22 | Encolar | Villager (Male) |
| 15:43 | Construir | House |
| 15:45 | Construir | House |
| 15:48 | Encolar | Villager (Male) |
| 15:55 | Construir | House |
| 16:05 | Encolar | Villager (Male) |
| 16:08 | Encolar | Mangonel |
| 16:19 | Construir | House |
| 16:20 | Construir | House |
| 16:23 | Encolar | Villager (Male) |
| 16:33 | Construir | Town Center |
| 16:40 | Encolar | Villager (Male) |
| 16:51 | Encolar | Villager (Male) |
| 16:53 | Encolar | Monk |
| 16:55 | Encolar | Villager (Male) |
| 17:03 | Encolar | Villager (Male) |
| 17:09 | Encolar | Mangonel |
| 17:09 | Encolar | Mangonel |
| 17:19 | Encolar | Villager (Male) |
| 17:24 | Encolar | Villager (Male) |
| 17:25 | Encolar | Villager (Male) |
| 17:34 | Encolar | Villager (Male) |
| 17:41 | Encolar | Villager (Male) |
| 18:04 | Encolar | Villager (Male) |
| 18:07 | Encolar | Monk |
| 18:12 | Encolar | Mangonel |
| 18:14 | Encolar | Villager (Male) |
| 18:16 | Encolar | Villager (Male) |
| 18:16 | Encolar | Villager (Male) |
| 18:22 | Construir | Town Center |
| 18:22 | Encolar | Villager (Male) |
| 18:33 | Encolar | Villager (Male) |
| 18:34 | Encolar | Villager (Male) |
| 18:45 | Encolar | Villager (Male) |
| 18:47 | Encolar | Villager (Male) |
| 19:15 | Encolar | Mangonel |
| 19:16 | Encolar | Villager (Male) |
| 19:22 | Construir | House |
| 19:24 | Construir | House |
| 19:29 | Encolar | Villager (Male) |
| 19:38 | Encolar | Villager (Male) |
| 19:42 | Encolar | Fishing Ship |
| 19:43 | Encolar | Fishing Ship |
| 19:48 | Encolar | Villager (Male) |
| 19:53 | Encolar | Villager (Male) |
| 20:02 | Encolar | Villager (Male) |
| 20:04 | Encolar | Villager (Male) |
| 20:16 | Construir | House |
| 20:17 | Encolar | Villager (Male) |
| 20:20 | Investigar | Horse Collar |
| 20:21 | Encolar | Villager (Male) |
| 20:22 | Construir | Farm |
| 20:22 | Construir | Farm |
| 20:22 | Construir | Farm |
| 20:22 | Construir | Farm |
| 20:23 | Construir | Farm |
| 20:23 | Construir | Farm |
| 20:23 | Construir | Farm |
| 20:26 | Construir | Dock |
| 20:29 | Construir | Fish Trap |
| 20:42 | Encolar | Villager (Male) |
| 20:47 | Encolar | Villager (Male) |
| 20:49 | Encolar | Villager (Male) |
| 20:55 | Investigar | Town Watch |
| 20:55 | Investigar | Town Watch |
| 20:55 | Encolar | Villager (Male) |
| 20:58 | Encolar | Fishing Ship |
| 21:07 | Construir | Fish Trap |
| 21:10 | Encolar | Villager (Male) |
| 21:11 | Encolar | Fishing Ship |
| 21:11 | Encolar | Fishing Ship |
| 21:12 | Encolar | Fishing Ship |
| 21:21 | Encolar | Villager (Male) |
| 21:33 | Encolar | Villager (Male) |
| 21:36 | Encolar | Villager (Male) |
| 21:40 | Construir | House |
| 21:41 | Encolar | Villager (Male) |
| 21:42 | Encolar | Villager (Male) |
| 21:49 | Investigar | Gillnets |
| 21:52 | Construir | Farm |
Cronología de la partida
| 0:54 | DemonSheep · wall_segment Palisade Wall x3 |
| 1:03 | DemonSheep · wall_segment Palisade Wall x1 |
| 1:05 | DemonSheep · wall_segment Palisade Wall x1 |
| 1:06 | Oni.TaToH · wall_segment Palisade Wall x1 |
| 1:07 | DemonSheep · wall_segment Palisade Wall x1 |
| 1:07 | Oni.TaToH · wall_segment Palisade Wall x1 |
| 1:13 | Oni.TaToH · wall_segment Palisade Wall x1 |
| 1:15 | Oni.TaToH · wall_segment Palisade Wall x1 |
| 1:56 | DemonSheep · wall_segment Palisade Wall x1 |
| 1:57 | c3mbrich! · wall_segment Palisade Wall x1 |
| 1:58 | c3mbrich! · wall_segment Palisade Wall x12 |
| 2:15 | Oni.TaToH · wall_segment Palisade Wall x4 |
| 3:30 | c3mbrich! · wall_segment Palisade Wall x1 |
| 3:59 | DemonSheep · wall_segment Palisade Wall x2 |
| 4:00 | 04py · first_building Dock |
| 4:13 | [R1] 12Tirador · first_building Dock |
| 4:42 | [R1] PoXoLo · first_building Dock |
| 6:07 | c3mbrich! · wall_segment Palisade Wall x9 |
| 6:33 | Oni.TaToH · first_building Barracks |
| 6:52 | c3mbrich! · wall_segment Palisade Wall x9 |
| 7:29 | GKT_Cloud · first_building Barracks |
| 8:00 | c3mbrich! · wall_segment Palisade Wall x1 |
| 8:07 | c3mbrich! · wall_segment Palisade Wall x9 |
| 8:11 | c3mbrich! · wall_segment Palisade Wall x1 |
| 8:50 | GKT_Cloud · age_up feudal |
| 8:52 | GKT_Cloud · first_building Archery Range |
| 8:53 | [R1] 12Tirador · wall_segment Palisade Wall x1 |
| 9:09 | c3mbrich! · wall_segment Palisade Wall x1 |
| 9:51 | [R1] PoXoLo · age_up feudal |
| 9:52 | Oni.TaToH · age_up feudal |
| 10:07 | Oni.TaToH · first_building Archery Range |
| 10:24 | c3mbrich! · wall_segment Palisade Wall x1 |
| 10:25 | c3mbrich! · wall_segment Palisade Wall x1 |
| 10:29 | DemonSheep · wall_segment Palisade Wall x3 |
| 10:39 | c3mbrich! · age_up feudal |
| 10:42 | c3mbrich! · wall_segment Stone Wall x1 |
| 10:43 | c3mbrich! · wall_segment Stone Wall x1 |
| 10:45 | c3mbrich! · wall_segment Stone Wall x8 |
| 10:48 | c3mbrich! · wall_segment Stone Wall x1 |
| 10:49 | c3mbrich! · wall_segment Stone Wall x1 |
| 11:15 | Dragon · age_up feudal |
| 11:32 | 04py · age_up feudal |
| 11:38 | [R1] 12Tirador · age_up feudal |
| 11:46 | DemonSheep · age_up feudal |
| 12:02 | DemonSheep · wall_segment Stone Wall x4 |
| 12:30 | c3mbrich! · first_building Dock |
| 12:50 | GKT_Cloud · first_building Dock |
| 12:51 | DemonSheep · wall_segment Stone Wall x7 |
| 13:18 | Oni.TaToH · wall_segment Stone Wall x1 |
| 13:22 | DemonSheep · wall_segment Stone Wall x2 |
| 13:32 | [R1] 12Tirador · first_market_buy 100 wood |
| 13:32 | [R1] 12Tirador · first_market_sell 100 food |
| 13:48 | Oni.TaToH · wall_segment Stone Wall x1 |
| 13:49 | Oni.TaToH · wall_segment Stone Wall x1 |
| 13:50 | GKT_Cloud · wall_segment Stone Wall x1 |
| 13:58 | GKT_Cloud · wall_segment Stone Wall x1 |
| 14:15 | GKT_Cloud · wall_segment Stone Wall x1 |
| 14:21 | GKT_Cloud · wall_segment Stone Wall x1 |
| 14:24 | GKT_Cloud · wall_segment Stone Wall x1 |
| 14:36 | c3mbrich! · wall_segment Stone Wall x8 |
| 14:45 | Dragon · age_up castle |
| 14:47 | Dragon · first_building Siege Workshop |
| 14:51 | DemonSheep · wall_segment Stone Wall x3 |
| 15:02 | 04py · age_up castle |
| 15:09 | [R1] 12Tirador · age_up castle |
| 15:12 | [R1] 12Tirador · first_building Siege Workshop |
| 15:15 | [R1] 12Tirador · first_building Monastery |
| 15:44 | DemonSheep · wall_segment Stone Wall x1 |
| 15:46 | DemonSheep · wall_segment Stone Wall x1 |
| 17:07 | c3mbrich! · wall_segment Stone Wall x3 |
| 17:08 | c3mbrich! · wall_segment Stone Wall x4 |
| 17:10 | c3mbrich! · wall_segment Stone Wall x1 |
| 17:22 | 04py · first_market_buy 100 stone |
| 17:30 | Oni.TaToH · first_market_buy 100 food |
| 17:30 | Oni.TaToH · first_market_sell 100 wood |
| 17:32 | GKT_Cloud · first_market_buy 100 food |
| 17:33 | c3mbrich! · wall_segment Stone Wall x1 |
| 17:39 | DemonSheep · wall_segment Stone Wall x2 |
| 17:40 | c3mbrich! · wall_segment Stone Wall x1 |
| 17:42 | DemonSheep · wall_segment Stone Wall x1 |
| 17:51 | c3mbrich! · wall_segment Stone Wall x3 |
| 17:56 | c3mbrich! · wall_segment Stone Wall x4 |
| 18:07 | c3mbrich! · wall_segment Stone Wall x1 |
| 18:16 | [R1] PoXoLo · wall_segment Stone Wall x1 |
| 18:19 | GKT_Cloud · wall_segment Stone Wall x1 |
| 18:21 | GKT_Cloud · wall_segment Stone Wall x1 |
| 18:22 | [R1] PoXoLo · wall_segment Stone Wall x4 |
| 18:25 | GKT_Cloud · first_market_sell 100 wood |
| 18:27 | c3mbrich! · wall_segment Stone Wall x2 |
| 18:29 | c3mbrich! · wall_segment Stone Wall x1 |
| 18:37 | DemonSheep · age_up castle |
| 18:42 | DemonSheep · first_building Castle |
| 18:45 | c3mbrich! · wall_segment Stone Wall x1 |
| 18:54 | c3mbrich! · first_market_sell 100 stone |
| 19:01 | DemonSheep · wall_segment Stone Wall x10 |
| 19:04 | [R1] PoXoLo · age_up castle |
| 19:05 | [R1] PoXoLo · first_building Siege Workshop |
| 19:14 | [R1] PoXoLo · first_building Monastery |
| 19:44 | [R1] PoXoLo · first_market_buy 100 wood |
| 19:45 | [R1] PoXoLo · first_market_sell 100 stone |
| 19:56 | Dragon · first_building Monastery |
| 20:34 | [R1] PoXoLo · first_building Barracks |
| 20:38 | Oni.TaToH · age_up castle |
| 21:10 | GKT_Cloud · age_up castle |
| 21:17 | GKT_Cloud · first_building Siege Workshop |
| 21:20 | GKT_Cloud · first_building Monastery |
| 21:23 | [R1] PoXoLo · first_building Archery Range |
| 21:44 | c3mbrich! · age_up castle |
| 21:53 | 04py · first_building Siege Workshop |
| 22:09 | 04py · first_building Monastery |
| 22:32 | c3mbrich! · first_market_buy 100 wood |
| 22:48 | c3mbrich! · first_building Barracks |
| 22:55 | DemonSheep · wall_segment Stone Wall x4 |
| 22:59 | DemonSheep · wall_segment Stone Wall x3 |
| 23:13 | [R1] PoXoLo · age_up imperial |
| 24:33 | GKT_Cloud · first_building Castle |
| 25:02 | c3mbrich! · first_building Archery Range |
| 25:36 | 04py · first_market_sell 100 food |
| 25:40 | GKT_Cloud · age_up imperial |
| 26:00 | 04py · first_building Barracks |
| 26:11 | 04py · wall_segment Palisade Wall x1 |
| 26:13 | 04py · wall_segment Palisade Wall x1 |
| 26:18 | 04py · wall_segment Palisade Wall x1 |
| 26:33 | 04py · wall_segment Palisade Wall x1 |
| 26:34 | 04py · wall_segment Palisade Wall x1 |
| 26:45 | DemonSheep · first_market_sell 500 wood |
| 26:51 | DemonSheep · first_market_buy 100 food |
| 26:51 | Dragon · first_building Barracks |
| 27:20 | 04py · first_building Stable |
| 27:36 | Dragon · first_building Archery Range |
| 27:46 | c3mbrich! · first_building Monastery |
| 28:13 | [R1] 12Tirador · age_up imperial |
| 28:15 | [R1] 12Tirador · first_building Barracks |
| 28:46 | 04py · age_up imperial |
| 28:58 | Oni.TaToH · first_building Castle |
| 28:59 | 04py · first_building Castle |
| 29:08 | [R1] 12Tirador · first_building Castle |
| 29:11 | [R1] 12Tirador · first_building Archery Range |
| 29:13 | GKT_Cloud · wall_segment Stone Wall x1 |
| 29:25 | Oni.TaToH · first_building Siege Workshop |
| 30:14 | Dragon · age_up imperial |
| 30:31 | Dragon · first_building Castle |
| 30:34 | GKT_Cloud · wall_segment Stone Wall x1 |
| 31:00 | Oni.TaToH · wall_segment Stone Wall x1 |
| 31:31 | Oni.TaToH · wall_segment Stone Wall x1 |
| 32:18 | [R1] 12Tirador · wall_segment Stone Wall x14 |
| 32:30 | [R1] 12Tirador · tribute_sent a jugador 1 |
| 32:30 | [R1] 12Tirador · tribute_sent a jugador 2 |
| 32:30 | [R1] 12Tirador · tribute_sent a jugador 3 |
| 32:30 | [R1] 12Tirador · tribute_sent a jugador 4 |
| 32:30 | [R1] 12Tirador · tribute_sent a jugador 5 |
| 32:30 | [R1] 12Tirador · tribute_sent a jugador 6 |
| 32:30 | [R1] 12Tirador · tribute_sent a jugador 7 |
| 32:55 | c3mbrich! · first_building Castle |
| 33:45 | Oni.TaToH · wall_segment Palisade Wall x1 |
| 34:30 | [R1] PoXoLo · first_building Castle |
| 34:48 | Oni.TaToH · wall_segment Stone Wall x1 |
| 34:50 | Oni.TaToH · wall_segment Stone Wall x1 |
| 34:50 | Oni.TaToH · wall_segment Stone Wall x1 |
| 34:54 | Oni.TaToH · wall_segment Stone Wall x1 |
| 34:55 | Oni.TaToH · wall_segment Stone Wall x1 |
| 35:17 | c3mbrich! · age_up imperial |
| 35:50 | Dragon · tribute_sent a jugador 1 |
| 35:50 | Dragon · tribute_sent a jugador 2 |
| 35:50 | Dragon · tribute_sent a jugador 3 |
| 35:50 | Dragon · tribute_sent a jugador 4 |
| 35:50 | Dragon · tribute_sent a jugador 6 |
| 35:50 | Dragon · tribute_sent a jugador 7 |
| 35:50 | Dragon · tribute_sent a jugador 8 |
| 37:04 | Oni.TaToH · wall_segment Stone Wall x3 |
| 37:07 | Oni.TaToH · wall_segment Stone Wall x3 |
| 38:39 | 04py · tribute_sent a jugador 1 |
| 38:39 | 04py · tribute_sent a jugador 2 |
| 38:39 | 04py · tribute_sent a jugador 4 |
| 38:39 | 04py · tribute_sent a jugador 5 |
| 38:39 | 04py · tribute_sent a jugador 6 |
| 38:39 | 04py · tribute_sent a jugador 7 |
| 38:39 | 04py · tribute_sent a jugador 8 |
| 39:30 | Dragon · wall_segment Stone Wall x8 |
| 39:44 | Oni.TaToH · wall_segment Stone Wall x1 |
| 39:46 | Oni.TaToH · wall_segment Stone Wall x1 |
| 40:04 | Dragon · tribute_sent a jugador 1 |
| 40:04 | Dragon · tribute_sent a jugador 2 |
| 40:04 | Dragon · tribute_sent a jugador 3 |
| 40:04 | Dragon · tribute_sent a jugador 4 |
| 40:04 | Dragon · tribute_sent a jugador 6 |
| 40:04 | Dragon · tribute_sent a jugador 7 |
| 40:04 | Dragon · tribute_sent a jugador 8 |
| 40:09 | Oni.TaToH · wall_segment Stone Wall x1 |
| 40:10 | Oni.TaToH · wall_segment Stone Wall x1 |
| 40:13 | Oni.TaToH · wall_segment Stone Wall x1 |
| 40:17 | DemonSheep · first_building Barracks |
| 40:36 | Dragon · first_market_buy 500 wood |
| 41:04 | 04py · tribute_sent a jugador 1 |
| 41:04 | 04py · tribute_sent a jugador 2 |
| 41:04 | 04py · tribute_sent a jugador 4 |
| 41:04 | 04py · tribute_sent a jugador 5 |
| 41:04 | 04py · tribute_sent a jugador 6 |
| 41:04 | 04py · tribute_sent a jugador 7 |
| 41:04 | 04py · tribute_sent a jugador 8 |
| 41:09 | [R1] 12Tirador · wall_segment Stone Wall x21 |
| 41:22 | DemonSheep · first_building Archery Range |
| 41:58 | DemonSheep · age_up imperial |
| 43:26 | Dragon · wall_segment Stone Wall x1 |
| 44:01 | 04py · tribute_sent a jugador 1 |
| 44:01 | 04py · tribute_sent a jugador 2 |
| 44:01 | 04py · tribute_sent a jugador 4 |
| 44:01 | 04py · tribute_sent a jugador 5 |
| 44:01 | 04py · tribute_sent a jugador 6 |
| 44:01 | 04py · tribute_sent a jugador 7 |
| 44:01 | 04py · tribute_sent a jugador 8 |
| 44:17 | DemonSheep · wall_segment Stone Wall x3 |
| 44:56 | Dragon · tribute_sent a jugador 1 |
| 44:56 | Dragon · tribute_sent a jugador 2 |
| 44:56 | Dragon · tribute_sent a jugador 3 |
| 44:56 | Dragon · tribute_sent a jugador 4 |
| 44:56 | Dragon · tribute_sent a jugador 6 |
| 44:56 | Dragon · tribute_sent a jugador 7 |
| 44:56 | Dragon · tribute_sent a jugador 8 |
| 47:08 | [R1] 12Tirador · tribute_sent a jugador 1 |
| 47:08 | [R1] 12Tirador · tribute_sent a jugador 2 |
| 47:08 | [R1] 12Tirador · tribute_sent a jugador 3 |
| 47:08 | [R1] 12Tirador · tribute_sent a jugador 4 |
| 47:08 | [R1] 12Tirador · tribute_sent a jugador 5 |
| 47:08 | [R1] 12Tirador · tribute_sent a jugador 6 |
| 47:08 | [R1] 12Tirador · tribute_sent a jugador 7 |
| 47:09 | c3mbrich! · tribute_sent a jugador 1 |
| 47:09 | c3mbrich! · tribute_sent a jugador 2 |
| 47:09 | c3mbrich! · tribute_sent a jugador 3 |
| 47:09 | c3mbrich! · tribute_sent a jugador 4 |
| 47:09 | c3mbrich! · tribute_sent a jugador 5 |
| 47:09 | c3mbrich! · tribute_sent a jugador 7 |
| 47:09 | c3mbrich! · tribute_sent a jugador 8 |
| 47:41 | c3mbrich! · tribute_sent a jugador 1 |
| 47:41 | c3mbrich! · tribute_sent a jugador 2 |
| 47:41 | c3mbrich! · tribute_sent a jugador 3 |
| 47:41 | c3mbrich! · tribute_sent a jugador 4 |
| 47:41 | c3mbrich! · tribute_sent a jugador 5 |
| 47:41 | c3mbrich! · tribute_sent a jugador 7 |
| 47:41 | c3mbrich! · tribute_sent a jugador 8 |
| 47:50 | DemonSheep · resign |
[ ANÁLISIS IA · 1 CRÉDITO ]
¿Qué pasó realmente en esta partida?
Wolo.gg analiza cada decisión: build order, eco, micro, errores típicos por bracket. Análisis personalizado por WhatsApp o Discord en 30 segundos.
Guía civ
Bohemios
Perfil
PoXoLo